 Dungeon Crawl Stone Soup version 0.29-a0-459-g97dee8cd24 (webtiles) character file.

Game seed: 11462464347165164086

742 happo123 the Sneak (level 8, -1/55 HPs)
             Began as a Djinni Earth Elementalist on May 20, 2022.
             Killed by divine providence
             ... invoked by an orc priest
              (11 damage)
             ... on level 4 of the Dungeon.
             The game lasted 00:19:54 (3947 turns).

happo123 the Sneak (Djinni Earth Elementalist)      Turns: 3947, Time: 00:19:54

Health: -1/55      AC:  4    Str: 13    XL:     8   Next: 5%
Gold:   199        EV: 13    Int: 19    God:
                   SH:  0    Dex: 14

rFire   + + .      SeeInvis +   f - +0 hand axe
rCold   x . .      Faith    .   (no shield)
rNeg    . . .      Spirit   .   b - +0 robe
rPois   ∞          Reflect  .   d - +0 helmet {SInv}
rElec   .          Harm     .   (no cloak)
rCorr   .          Rampage  .   k - +0 pair of gloves
Will    .....                   (boots unavailable)
Stlth   +++.......              u - amulet of regeneration
HPRegen 0.98/turn               A - +6 ring of strength
MPRegen 0.00/turn               (no ring)

@: flying
A: sickness immunity, fire resistance 2, cold vulnerability 1, float, innate
caster, HP casting, extra vitality 1
a: no special abilities


You were on level 4 of the Dungeon.
You visited 1 branch of the dungeon, and saw 4 of its levels.
You also visited: Sewer.

You collected 199 gold pieces.

Inventory:

Hand Weapons
 f - a +0 hand axe (weapon)
 j - a +0 club
Missiles
 w - 26 stones
Armour
 b - a +0 robe (worn)
 d - a +0 helmet of see invisible (worn)
 k - a +0 pair of gloves (worn)
 r - a +1 ring mail of cold resistance
Jewellery
 u - an amulet of regeneration (around neck)
 A - a +6 ring of strength (left hand)
Wands
 s - a wand of paralysis (4)
 v - a wand of flame (15)
Scrolls
 c - 2 scrolls of identify {unknown}
 h - a scroll of summoning {unknown}
 i - 2 scrolls of teleportation {unknown}
 l - 2 scrolls of blinking
 m - 2 scrolls of enchant armour {unknown}
 n - a scroll of noise {unknown}
 t - a scroll of enchant weapon {unknown}
 x - a scroll of immolation {unknown}
 y - a scroll of vulnerability {unknown}
 z - a scroll of fear {unknown}
 B - a scroll of amnesia {unknown}
Potions
 a - 3 potions of curing {unknown}
 e - a potion of degeneration {unknown}
 g - a potion of haste {unknown}
 o - a potion of berserk rage {unknown}
 p - a potion of flight {unknown}
 q - 2 potions of mutation {unknown}


   Skills:
 + Level 2.8 Fighting
 + Level 2.7 Armour
 + Level 3.9 Dodging
 * Level 4.3 Stealth
 * Level 4.1 Spellcasting


You couldn't memorise any spells.
You knew the following spells:

 Your Spells              Type           Power      Damage    Failure   Level
a - Sandblast             Erth           38%        2d10      2%          1
b - Passwall              Tmut/Erth      15%        N/A       3%          2
c - Stone Arrow           Conj/Erth      38%        3d9       8%          3
d - Petrify               Tmut/Erth      19%        N/A       24%         4
e - Freeze                Ice            76%        1d9       2%          1
f - Static Discharge      Conj/Air       19%        N/A       3%          2
g - Spider Form           Tmut/Pois      19%        N/A       8%          3
Your spell library was empty.

Dungeon Overview and Level Annotations

Branches:
Dungeon (4/15)              Sewer (visited)
 Temple: D:4-7

Altars:
Vehumet


Innate Abilities, Weirdness & Mutations

You are immune to sickness and miasma.
You are immune to poison.
Your flesh is very heat resistant. (rF++)
You are vulnerable to cold. (rC-)
You float through the air rather than walking.
You learn spells naturally, not from books.
Your magical power is your life essence.
You have superior vitality. (+4 MHP)


Message History

The orc attacks as you move away!
The orc hits you with a +2 flail of protection.
* * * LOW HITPOINT WARNING * * *
There is a stone staircase leading up here.
Your magical contamination has completely faded away.
The orc hits you with a +2 flail of protection.
The orc attacks as you move away! The orc barely misses you.
Aiming: Stone Arrow (dangerous; 8% risk of failure)
Press: ? - help, Q - select action, (/) - cycle Shift-Dir - straight line, f - orc
Aim: an orc, wielding a +2 flail of protection and wearing a +0 leather armour (68% to hit)
The stone arrow misses the orc.
The orc barely misses you.
Aiming: Stone Arrow (dangerous; 8% risk of failure)
Press: ? - help, Q - select action, (/) - cycle Shift-Dir - straight line, f/p - orc
Aim: an orc, wielding a +2 flail of protection and wearing a +0 leather armour (68% to hit)
The stone arrow hits the orc.
The orc is lightly wounded.
* * * LOW HITPOINT WARNING * * *
The orc barely misses you.
Aiming: Stone Arrow (dangerous; 8% risk of failure)
Press: ? - help, Q - select action, (/) - cycle Shift-Dir - straight line, f/p - orc
Aim: an orc, wielding a +2 flail of protection and wearing a +0 leather armour (lightly wounded, 68% to hit)
The stone arrow hits the orc!
You kill the orc!
* * * LOW HITPOINT WARNING * * *
Aiming: Stone Arrow (dangerous; 8% risk of failure)
Press: ? - help, Q - select action, (/) - cycle Shift-Dir - straight line, f - orc wizard
Aim: an orc wizard, wielding a staff of cold, wearing a +0 robe and wearing an amulet of reflection (slightly transparent, 60% to hit)
The stone arrow reflects off an invisible shield around the orc wizard!
The stone arrow misses you.
* * * LOW HITPOINT WARNING * * *
Aiming: Stone Arrow (dangerous; 8% risk of failure)
Press: ? - help, Q - select action, (/) - cycle Shift-Dir - straight line, f/p - orc wizard
Aim: an orc wizard, wielding a staff of cold, wearing a +0 robe and wearing an amulet of reflection (slightly transparent, 60% to hit)
The stone arrow reflects off an invisible shield around the orc wizard!
The stone arrow misses you.
* * * LOW HITPOINT WARNING * * *
The orc priest calls down the wrath of Beogh upon you.
Beogh smites you!
You die...

#....##....#
#.o.#####.)##
#...# ##..#
#...# ##.. #...#
##. ##.<.# ##
##...## #
########....#
###....@)o....#
##......o.....##
##..#####....###
#.### ###### ##
### #. #.oo.
#..o## #.. .


You could see an orc priest and an orc wizard (invisible).

Vanquished Creatures
  Sigmund (D:4)
  A bullfrog (Sewer)
  4 scorpions
  2 orc priests
  An iguana (D:4)
  6 adders
  3 worms
  3 dart slugs
  7 orcs
  5 bats
  12 endoplasms
  13 giant cockroaches
  8 goblins
  8 hobgoblins
  3 jackals (D:3)
  6 quokkas
  16 ball pythons
  6 frilled lizards
  9 kobolds
  4 rats
118 creatures vanquished.

Notes
Turn   | Place    | Note
-------+----------+-------------------------------------------
     0 | D:1      | happo123 the Djinni Earth Elementalist began the quest for
                  | the Orb.
     0 | D:1      | Reached XP level 1. HP: 15/15 MP: 0/0
   101 | D:1      | Found a faded altar of an unknown god.
   108 | D:1      | Reached XP level 2. HP: 15/21 MP: 0/0
   499 | D:1      | Reached XP level 3. HP: 24/26 MP: 0/0
   499 | D:1      | Learned a level 1 spell: Freeze
  1088 | D:2      | You are sucked into a shaft and drop 1 floor!
  1239 | D:2      | Reached skill level 1 in Armour
  1239 | D:2      | Reached XP level 4. HP: 17/31 MP: 0/0
  1245 | D:2      | Reached skill level 1 in Fighting
  1683 | D:3      | Reached XP level 5. HP: 27/37 MP: 0/0
  1683 | D:3      | Learned a level 2 spell: Static Discharge
  2214 | D:3      | Reached XP level 6. HP: 8/43 MP: 0/0
  2955 | D:4      | Reached XP level 7. HP: 26/49 MP: 0/0
  2955 | D:4      | Learned a level 3 spell: Spider Form
  2993 | D:4      | Noticed Sigmund
  2999 | D:4      | Killed Sigmund
  3172 | D:4      | Found a glowing drain.
  3184 | Sewer    | Entered a sewer
  3628 | Sewer    | Reached XP level 8. HP: 55/55 MP: 0/0
  3947 | D:4      | Killed from afar by an orc priest

Illustrated notes

Levels and vault maps discovered:
D:1:      mainiacjoe_arrival_reflecting_pool, layout_basic,
          hellmonk_ecumenical_altar_lost_god
D:2:      layout_rooms, basic_altar
D:3:      layout_loops_ring, minmay_goblin_outpost
D:4:      layout_layer_cave, serial_shops, nicolae_square_shop,
          cheibrodos_sewer_entry_bend, uniq_sigmund

Skill      XL: |  1  2  3  4  5  6  7 |
---------------+----------------------+-----
Stealth        | 2 3 4 |  4.3
Armour         | 1 2 |  2.7
Fighting       | 1 2 |  2.8
Spellcasting   | 3 4 |  4.1
Dodging        | 3 |  3.9

Action                   |  1- 3 |  4- 6 |  7- 9 || total
-------------------------+-------+-------+-------++-------
Melee: Hand axe          |     1 |    54 |    18 ||    73
       Punch             |       |     2 |       ||     2
 Cast: Sandblast         |    52 |     9 |     9 ||    70
       Stone Arrow       |       |    27 |    44 ||    71
       Static Discharge  |       |     3 |       ||     3
 Stab: Sleeping          |       |     1 |       ||     1
Armor: Robe              |     3 |    24 |     7 ||    34
Dodge: Dodged            |     5 |    57 |    26 ||    88

Table legend: (Time is in decaauts)
 A = Elapsed time spent in this place.
 B = Non-inter-level travel time spent in this place.
 C = Inter-level travel time spent in this place.
 D = Time resting spent in this place.
 E = Time spent auto-exploring this place.
 F = Levels seen in this place.
 G = Mean time per level.
                   A        B        C        D        E       F      G
               +--------+--------+--------+--------+--------+-----+--------+
         Total |   3967 |   2989 |    978 |   1373 |    724 |   5 |  793.4 |
       Dungeon |   3388 |   2410 |    978 |   1089 |    724 |   4 |  847.0 |
         Sewer |    579 |    579 |      0 |    284 |      0 |   1 |  579.0 |
               +--------+--------+--------+--------+--------+-----+--------+

Top non-repeatable levels by time:
     D:3: 1452 daAuts
     D:1: 1080 daAuts
   Sewer: 579 daAuts
     D:2: 428 daAuts
     D:4: 426 daAuts
